Unix NetHack Version 5.0.0-0 post-release - last build Jun 10 2026 00:39:30 (3ee93aec679c4c4259841fe613dc97188e26a321,branch:main).

Game began 2026-06-23 19:14:34, ended 2026-06-23 19:20:43.

GdeVolpiano, neutral male human Archeologist

                            ----------
                            |.<..--..|
                           --....0...--
                           ....^**....|
                           ........d..|
                               .---@h--
                                  |..

GdeVolpiano the Field Worker  St:12 Dx:10 Co:14 In:15 Wi:15 Ch:10  Neutral
Dlvl:3  $:14 HP:0(30) Pw:19(19) AC:3  Xp:4 T:872  Satiated

Latest messages:
 The gnome is killed!
 The gnome lord puts on a pair of hard shoes.
 You lash the gnome lord.
 You lash the gnome lord.
 The gnome lord hits!
 You kill the gnome lord!
 There are several objects here.
 Indy eats a gnome corpse.
 t - a violet gem.
 What do you want to use or apply? [aegh or ?*]
 What do you want to rub on the stone? [$t or ?*]
 t - a worthless piece of violet glass.
 What do you want to drop? [$ac-eg-lnpr-t or ?*]
 You drop a worthless piece of violet glass.
 You miss the gnome.
 It misses the gnome.
 It misses the gnome.
 You lash the gnome.
 It bites the gnome.
 The gnome is killed!
 Indy eats a gnome corpse.
 You swap places with Indy.
 You attack thin air.
 You miss the gnome.
 You lash the gnome.
 The gnome hits!
 You miss the gnome.
 You kill the gnome!
 You lash the dwarf.
 You miss the dwarf.
 The dwarf thrusts her dagger.
 The dwarf hits!
 What do you want to use or apply? [aegh or ?*]
 e - a +0 pick-axe (weapon in right hand).
 a - a +2 bullwhip (alternate weapon; not wielded).
 In what direction do you want to dig? [hb>]
 What do you want to use or apply? [aegh or ?*]
 a - a +2 bullwhip (weapon in right hand).
 e - a +0 pick-axe (alternate weapon; not wielded).
 The dwarf thrusts her dagger.
 The dwarf just misses!
 You miss the dwarf.
 What do you want to use or apply? [aegh or ?*]
 In what direction?
 You wrap your bullwhip around the dwarf's dagger.
 You yank the dagger from the dwarf's hand!
 You lash the dwarf.
 The dwarf hits!
 You die...
 Do you want your possessions identified? [ynq] (y)

Inventory:
 Coins    ('$')
  $ - 14 gold pieces
 Weapons  (')')
  i - a +0 orcish dagger
  a - a +2 bullwhip (weapon in right hand)
 Armor    ('[')
  c - a blessed +0 fedora (being worn)
  l - an uncursed +0 pair of low boots (being worn)
  k - an uncursed +0 cloak of displacement (being worn)
  n - an uncursed +0 chain mail (being worn)
 Comestibles  ('%')
  d - 6 uncursed food rations
  s - an uncursed tripe ration
  r - an uncursed lichen corpse
 Potions  ('!')
  j - an uncursed potion of healing
 Tools    ('(')
  h - an empty uncursed sack
  e - a +0 pick-axe (alternate weapon; not wielded)
 Gems/Stones  ('*')
  p - 2 uncursed aquamarine stones
  g - an uncursed touchstone

GdeVolpiano the Archeologist's attributes:

Background:
 You were a Field Worker, a level 4 male human Archeologist.
 You were neutral, on a mission for Camaxtli
 who was opposed by Quetzalcoatl (lawful) and Huhetotl (chaotic).
 You were right-handed.
 You were in the Gnomish Mines, on level 3.
 You entered the dungeon 872 turns ago.
 You had 118 experience points, 42 more were needed to attain level 5.

Basics:
 You had 0 out of 30 hit points.
 You had all 19 energy points (spell power).
 Your armor class was 3.
 Your wallet contained 14 zorkmids.
 Autopickup was on for '$?!/="+' plus thrown, with exceptions.

Final Characteristics:
 Your strength was 12 (limit:18/100).
 Your dexterity was 10 (limit:18).
 Your constitution was 14 (limit:18).
 Your intelligence was 15 (limit:18).
 Your wisdom was 15 (limit:18).
 Your charisma was 10 (limit:18).

Final Status:
 You were satiated.
 You were unencumbered.
 You were wielding a whip.
 You had basic skill with whip.

Final Attributes:
 You were devoutly aligned.
 You had automatic searching.
 You were displaced.
 You were warded.
 Your spell casting was impaired by metallic armor.
 You were lucky.
 You are dead.

Miscellaneous:
 You didn't encounter any bones levels.
 Total elapsed playing time was 6 minutes and 8 seconds.

Major events:
 Turn
    1: GdeVolpiano the neutral male human Archeologist entered the dungeon
  490: entered the Gnomish Mines
  793: attained the rank of Field Worker (level 3)
  872: killed by a dwarf

Spells:
 Name                 Level Category     Fail Retention
 detect treasure        4   divination   100%  76%-100%
 sleep                  3   enchantment  100%  76%-100%

Skills:
 Fighting Skills
   bare handed combat [Unskilled]
   two weapon combat  [Unskilled]
   riding             [Unskilled]
 Weapon Skills
   dagger             [Unskilled]
   knife              [Unskilled]
   pick-axe           [Basic]
   short sword        [Unskilled]
   saber              [Unskilled]
   club               [Unskilled]
   quarterstaff       [Unskilled]
   sling              [Unskilled]
   dart               [Unskilled]
   boomerang          [Unskilled]
   whip               [Basic]
   unicorn horn       [Unskilled]
 Spellcasting Skills
   attack spells      [Unskilled]
   healing spells     [Unskilled]
   divination spells  [Unskilled]
   matter spells      [Unskilled]

Voluntary challenges:
 Character rerolling was not enabled.
 You never genocided any monsters.
 You never polymorphed an object.
 You never changed form.
 You used no wishes.
Achievements:
 You entered the Gnomish Mines.
 You attained the rank of Field Worker.

 The Dungeons of Doom: levels 1 to 3
    Level 1:
    Level 2:
       Stairs down to The Gnomish Mines.
    Level 3:
 The Gnomish Mines:
    Level 3: <- You were here.
       Final resting place for
          you, killed by a dwarf.


Vanquished creatures:
  a dwarf leader
  a gnome leader
  a werejackal
  a large kobold
  7 gnomes
  a garter snake
  9 jackals
  2 goblins
  3 sewer rats
  2 grid bugs
  2 lichens
  a newt
31 creatures vanquished.

No species were genocided or became extinct.

Game over:
                       ----------
                      /          \
                     /    REST    \
                    /      IN      \
                   /     PEACE      \
                  /                  \
                  |   GdeVolpiano    |
                  |      14 Au       |
                  |   killed by a    |
                  |      dwarf       |
                  |                  |
                  |                  |
                  |       2026       |
                 *|     *  *  *      | *
        _________)/\\_//(\/(/\)/\//\/|_)_______

Goodbye GdeVolpiano the Archeologist...

You died in The Gnomish Mines on dungeon level 3 with 585 points,
and 14 pieces of gold, after 872 moves.
You were level 4 with a maximum of 30 hit points when you died.

